 Dungeon Crawl Stone Soup version 0.23.2-40-g277498a (webtiles) character file.

Game seed: 5902220544276995997

433 JeffiDaFish the Basher (level 6, -9/52 HPs)
             Began as a Minotaur Fighter on Aug 30, 2019.
             Mangled by a two-headed ogre
             ... wielding a +0 dire flail
              (26 damage)
             ... on level 4 of the Dungeon.
             The game lasted 00:10:13 (3216 turns).

JeffiDaFish the Basher (Minotaur Fighter)           Turns: 3216, Time: 00:10:14

Health: -9/52      AC:  8    Str: 20    XL:     6   Next: 67%
Magic:  5/5        EV:  7    Int:  5    God:
Gold:   186        SH: 13    Dex: 12    Spells: 5/5 levels left

rFire    + . .     SeeInvis .   a - +0 flail
rCold    . . .     Gourm    .   c - +0 shield
rNeg     + . .     Faith    .   b - +0 scale mail
rPois    .         Spirit   .   (helmet restricted)
rElec    .         Reflect  +   (no cloak)
rCorr    .         Harm     .   (no gloves)
MR       .....                  l - +0 pair of boots
Stlth    ..........             u - +4 amulet of reflection
HPRegen  0.17/turn              e - ring of positive energy
MPRegen  0.09/turn              k - ring of protection from fire

@: no status effects
A: retaliatory headbutt, horns 2
a: no special abilities


You were on level 4 of the Dungeon.
You were not hungry.

You visited 1 branch of the dungeon, and saw 4 of its levels.
You also visited: Sewer.

You collected 186 gold pieces.

Inventory:

Hand Weapons
 a - a +0 flail (weapon)
Armour
 b - a +0 scale mail (worn)
 c - a +0 shield (worn)
 l - a +0 pair of boots (worn)
Jewellery
 e - a ring of positive energy (left hand)
 j - an uncursed ring of stealth
 k - a ring of protection from fire (right hand)
 u - a +4 amulet of reflection (around neck)
Scrolls
 g - a scroll of amnesia {unknown}
 i - 2 scrolls of remove curse
 o - 2 scrolls of teleportation
 v - a scroll of fog {unknown}
Potions
 d - a potion of might
 h - a potion of mutation {unknown}
 m - a potion of resistance {unknown}
 p - a potion of berserk rage {unknown}
 q - a potion of lignification {unknown}
 r - a potion of curing {unknown}
 t - 2 potions of degeneration {unknown}
Comestibles
 f - 9 rations
 n - 6 chunks of flesh


   Skills:
 - Level 4.0 Fighting
 + Level 8.2 Maces & Flails
 - Level 4.0 Armour
 - Level 4.0 Shields


You had 5 spell levels left.
You didn't know any spells.
Your spell library was empty.

Dungeon Overview and Level Annotations

Branches:
Dungeon (4/15)
 Temple: D:4-7

Altars:


Innate Abilities, Weirdness & Mutations

You reflexively headbutt those who attack you in melee.
You have a pair of horns on your head.


Message History

You hit the two-headed ogre.
Your headbutt misses the two-headed ogre.
The two-headed ogre is moderately wounded.
The two-headed ogre hits you with a +0 dire flail!
You block the two-headed ogre's attack.
You are too injured to fight recklessly!
You are too injured to fight recklessly!
You sock the two-headed ogre! You headbutt the two-headed ogre.
The two-headed ogre is heavily wounded.
The two-headed ogre hits you with a +0 dire flail.
You block the two-headed ogre's attack.
You closely miss the two-headed ogre.
The two-headed ogre is heavily wounded.
You block the two-headed ogre's attack. The two-headed ogre barely misses you.
You thump the two-headed ogre!
The two-headed ogre is severely wounded.
You block the two-headed ogre's attack.
The two-headed ogre hits you with a +0 giant spiked club!!
Ouch! That really hurt!
You die...

.....## # #..$..
#.#.O..# .#....#
..... ... #.#
##.####.#########
........O@.......
##..##.....#..###
# #........###
#.........$.
#........##.
#.##.....#.....
#....รท.....###.
#####.####....
#.....# .###


You could see a two-headed ogre.

Vanquished Creatures
  A phantom (D:4)
  2 bullfrogs (Sewer)
  A hound (D:4)
  An orc wizard (D:3)
  A howler monkey skeleton (D:4)
  5 adders
  An ooze (D:2)
  A dart slug (D:2)
  3 leopard geckos
  8 orcs (D:3)
  13 giant cockroaches
  9 goblins
  9 hobgoblins
  5 jackals
  9 kobolds
  3 ball pythons
  4 bats
  14 frilled lizards
  8 rats
98 creatures vanquished.

Notes
Turn   | Place    | Note
-------+----------+-------------------------------------------
     0 | D:1      | JeffiDaFish the Minotaur Fighter began the quest for the
                  | Orb.
     0 | D:1      | Reached XP level 1. HP: 19/19 MP: 0/0
   293 | D:1      | Reached XP level 2. HP: 26/27 MP: 1/1
   933 | D:2      | Reached skill level 3 in Maces & Flails
   934 | D:2      | Reached XP level 3. HP: 30/33 MP: 2/2
  1354 | D:2      | Reached skill level 4 in Maces & Flails
  1592 | D:2      | Reached XP level 4. HP: 40/40 MP: 3/3
  1646 | D:3      | Found a glowing drain.
  1686 | Sewer    | Entered a sewer
  1830 | Sewer    | Reached skill level 5 in Maces & Flails
  1895 | Sewer    | Noticed a bullfrog
  1902 | Sewer    | Killed a bullfrog
  1902 | Sewer    | Reached skill level 6 in Maces & Flails
  1902 | Sewer    | Reached XP level 5. HP: 44/46 MP: 4/4
  2299 | D:3      | Reached skill level 7 in Maces & Flails
  2299 | D:3      | Reached XP level 6. HP: 12/52 MP: 5/5
  3133 | D:4      | Reached skill level 8 in Maces & Flails
  3203 | D:4      | Noticed a two-headed ogre
  3216 | D:4      | Mangled by a two-headed ogre

Skill      XL: |  1  2  3  4  5  6 |
---------------+-------------------+-----
Fighting       | 4 |  4.0
Armour         | 4 |  4.0
Shields        | 4 |  4.0
Maces & Flails | 3 4 6 7 8 |  8.2

Action                   |  1- 3 |  4- 6 || total
-------------------------+-------+-------++-------
Melee: Flail             |    93 |   175 ||   268
       Headbutt          |    12 |    19 ||    31
  Use: Scroll            |       |     7 ||     7
  Eat: Chunk             |     2 |     6 ||     8
Armor: Scale mail        |    41 |    69 ||   110
Dodge: Dodged            |    34 |    41 ||    75
Block: Shield            |    53 |   117 ||   170
